 Dungeon Crawl Stone Soup version 0.21.1-1-g345015fe64 (webtiles) character file.

4 Cral the Digger (level 1, 0/11 HPs)
             Began as an Octopode Earth Elementalist on June 7, 2018.
             Slain by a jackal (2 damage)
             ... on level 1 of the Dungeon.
             The game lasted 00:00:35 (387 turns).

Cral the Digger (Octopode Earth Elementalist)        Turns: 387, Time: 00:00:36

Health: 0/11       AC:  1    Str:  7    XL:     1   Next: 60%
Magic:  3/3        EV: 13    Int: 17    God:
Gold:   58         SH:  0    Dex: 12    Spells: 3/4 levels left

rFire    . . .     SeeInvis .   (no weapon)
rCold    . . .     Gourm    .   (no shield)
rNeg     . . .     Faith    .   (helmet restricted)
rPois    .         Spirit   .   h - amulet of harm
rElec    .         Reflect  .   (no ring)
rCorr    .         Harm     +   (no ring)
MR       .....                  (no ring)
Stlth    +++.......             (no ring)
HPRegen  0.03/turn              (no ring)
MPRegen  0.08/turn              (no ring)
                                (no ring)
                                (no ring)

@: no status effects
A: almost no armour, stealthy swim, amphibious, 8 rings, constrict 8, camouflage
1, gelatinous body 1
a: no special abilities


You were on level 1 of the Dungeon.
You were not hungry.

You visited 1 branch of the dungeon, and saw 1 of its levels.

You collected 58 gold pieces.

Inventory:

Missiles
 b - 48 stones (quivered)
Jewellery
 h - an amulet of harm (around mantle)
 j - an uncursed amulet of the gourmand {unknown}
Scrolls
 a - a scroll of enchant weapon {unknown}
 e - a scroll of enchant armour {unknown}
 f - 3 scrolls of identify {unknown}
 g - a scroll of random uselessness {unknown}
 m - a scroll of remove curse {unknown}
 n - a scroll of magic mapping {unknown}
Potions
 i - a potion of curing {unknown}
 k - a potion of mutation {unknown}
 l - a potion of magic {unknown}
Books
 d - a book of Geomancy

   Spells                             Type                      Level
   a - Sandblast                      Earth                        1
   b - Passwall                       Transmutation/Earth          2
   c - Stone Arrow                    Conjuration/Earth            3
   d - Petrify                        Transmutation/Earth          4
   e - Lee's Rapid Deconstruction     Earth                        5
Comestibles
 c - a ration


   Skills:
 - Level 2.0 Dodging
 - Level 2.6 Stealth
 - Level 2.0 Spellcasting
   Level 1.0 Transmutations
 + Level 3.3 Earth Magic


You had 3 spell levels left.
You knew the following spells:

 Your Spells              Type           Power        Failure   Level  Hunger
a - Sandblast             Erth           ##....       4%          1    #......


Dungeon Overview and Level Annotations

Branches:
Dungeon (1/15)

Altars:


Innate Abilities, Weirdness & Mutations

You cannot wear most types of armour.
You are very stealthy in the water. (Stealth+)
You are amphibious.
You can wear up to eight rings at the same time.
You can use your tentacles to constrict eight enemies at once.
Your skin changes colour to match your surroundings (Stealth+).
Your rubbery body absorbs attacks. (AC +1, EV +1)


Message History

The jackal bites you but does no damage.
You see here a jackal corpse.
You tentacle-slap the jackal but do no damage.
Your grab misses the jackal. The jackal closely misses you.
You closely miss the jackal. You grab the jackal.
You constrict the jackal, but do no damage.
The jackal misses you. The jackal barely misses you. x2
You tentacle-slap the jackal but do no damage.
You constrict the jackal, but do no damage.
The jackal bites you. x2; The jackal closely misses you.
The jackal bites you.
* * * LOW HITPOINT WARNING * * *
The jackal barely misses you.
A frilled lizard comes into view.
You are too injured to fight recklessly!
You are too injured to fight recklessly!
You release your grip on the jackal.
The frilled lizard moves out of view.
The jackal misses you. The jackal completely misses you. The jackal bites you.
You die...

.......... ..... #...
#!........ #....#.##
#####$..>..... ##....#.##
#.....†h...... ........#.
#.....##############...##...
#.....................#.....
#..............########....#
#..........hhh................
###..........@....#####.#.....
#.....#######.#.# ...#...#.
#............#.#.# .# #...##
#............#.#.# #... #
#............#.#.# #...
#................# #...
................# #.
######.........# #.
#.............## #...##


You could see 3 jackals.

Vanquished Creatures
  A jackal (D:1)
  3 bats (D:1)
4 creatures vanquished.

Notes
Turn   | Place    | Note
-------+----------+-------------------------------------------
     0 | D:1      | Cral the Octopode Earth Elementalist began the quest for the Orb.
     0 | D:1      | Reached XP level 1. HP: 11/11 MP: 3/3
   387 | D:1      | Slain by a jackal

Action                   || total
-------------------------++-------
Melee: Unarmed           ||     8
       Constrict         ||     5
       Tentacles         ||     3
 Cast: Sandblast         ||     1
 Stab: Sleeping          ||     1
Armor: Skin              ||     1
Dodge: Dodged            ||    18
